AoeStats
← sojaa

Arabia

503695382Analyzed
1v1 RM · 1mo ago on Sep 1, 2026· 38m 21s· 2 players
Game mode
Random Map
Map size
Tiny (2 player)
Population
200
Speed
Normal
Resources
Standard
Victory
Conquest
Starting age
Dark Age
Ending age
Imperial Age
RankedLock teamsTeams togetherTeam positionsShared explorationLock speedFull tech treeHidden civsTurbo modeCheats
Victory
Defeat
🇦🇷 Britons · Argentina
1328
+16
🇪🇸 Mongols · Spain
1338
-16
elchacalsla(Twich)
8:33 Feudal Age
6:48 Loom
9:14 Double-Bit Axe
14:25 Fletching
20:11 Castle Age
19:07 Gold Mining
18:58 Horse Collar
20:46 Scale Barding Armor
24:38 Bodkin Arrow
27:04 Crossbowman
29:25 Ballistics
31:55 Padded Archer Armor
sojaa
8:32 Feudal Age
8:37 Loom
9:04 Double-Bit Axe
13:26 Fletching
15:19 Padded Archer Armor
20:52 Castle Age
18:52 Gold Mining
20:41 Bloodlines
25:48 Bodkin Arrow
27:45 Gold Shaft Mining
29:34 Husbandry
30:31 Ballistics
32:37 Bow Saw
34:29 Leather Archer Armor
Connection lost

Rejoining the realm…

Still unreachable

The connection could not be restored.

Session expired

The server has moved on; the page needs a fresh start.